 Dungeon Crawl Stone Soup version 0.29.1-14-g9c671dbff4 (webtiles) character file.

Game seed: 8580186332040987013

218 Peloso the Shield-Bearer (level 5, -1/42 HPs)
             Began as a Minotaur Fighter on Feb 15, 2023.
             Was an Initiate of Okawaru.
             Slain by a hound (4 damage)
             ... on level 2 of the Dungeon.
             The game lasted 00:07:06 (4044 turns).

Peloso the Shield-Bearer (Minotaur Fighter)         Turns: 4044, Time: 00:07:06

Health: -1/42      AC: 11    Str: 19 (20) XL:     5   Next: 63%
Magic:  4/4        EV:  7    Int:  2 (4)  God:    Okawaru [......]
Gold:   146        SH:  5    Dex: 14 (15) Spells: 4/4 levels left

rFire   . . .      SeeInvis .   a - +0 long sword
rCold   . . .      Faith    .   d - +0 buckler
rNeg    . . .      Spirit   .   c - +0 chain mail
rPois   .          Reflect  .   k - +2 hat
rElec   .          Harm     .   (no cloak)
rCorr   .          Rampage  .   (no gloves)
Will    .....                   (no boots)
Stlth   ..........              (no amulet)
HPRegen 0.14/turn               (no ring)
MPRegen 0.09/turn               (no ring)

@: attractive
A: horns 2, retaliatory headbutt, agile 1, frail 1
a: Renounce Religion


You were on level 2 of the Dungeon.
You worshipped Okawaru.
Okawaru was noncommittal.
You visited 1 branch of the dungeon, and saw 4 of its levels.

You collected 204 gold pieces.
You spent 58 gold pieces at shops.

Inventory:

Hand Weapons
 a - a +0 long sword (weapon)
Armour
 b - a +0 scale mail
 c - a +0 chain mail (worn)
 d - a +0 buckler (worn)
 k - a +2 hat (worn)
Scrolls
 f - a scroll of magic mapping
 i - a scroll of enchant armour {unknown}
 m - 2 scrolls of blinking
 n - a scroll of brand weapon {unknown}
 p - 2 scrolls of immolation
 q - a scroll of identify
Potions
 e - a potion of might
 h - 2 potions of mutation
 j - 2 potions of brilliance
 l - a potion of haste


   Skills:
 + Level 4.3 Fighting
 + Level 4.6 Long Blades
 + Level 4.9 Armour
 + Level 0.6 Dodging
 + Level 0.1 Stealth
 + Level 4.9 Shields


You had 4 spell levels left.
You didn't know any spells.
Your spell library was empty.

Dungeon Overview and Level Annotations

Branches:
Dungeon (4/15)
 Temple: D:4-7

Altars:
Makhleb
Okawaru
Qazlal
Sif Muna

Shops:
D:1 *


Innate Abilities, Weirdness & Mutations

You have a pair of horns on your head.
You reflexively headbutt those who attack you in melee.
You are agile. (Dex +4, Str/Int -1)
You are frail. (-10% HP)


Message History

The hound attacks as you move away! You block the hound's attack.
Your extra speed is starting to run out.
The ball python is attracted toward you.
The ball python is attracted toward you.
The ball python is attracted toward you.
The hound attacks as you move away! The hound bites you.
* * * LOW HITPOINT WARNING * * *
You block the hound's attack. The hound attacks as you move away!
The hound bites you but does no damage.
You feel yourself slow down.
The ball python attacks as you move away!
You block the ball python's attack. x2; The hound bites you but does no damage.
The ball python attacks as you move away!
The ball python bites you but does no damage.
The ball python barely misses you.
The ball python attacks as you move away!
The ball python bites you.
* * * LOW HITPOINT WARNING * * *
The ball python barely misses you. The hound bites you.
* * * LOW HITPOINT WARNING * * *
The ball python attacks as you move away!
The ball python bites you but does no damage.
The ball python barely misses you. The hound barely misses you.
You block the ball python's attack. The ball python grabs you.
The ball python constricts you.
Okay, then.
You escape the ball python's grasp.
The hound bites you but does no damage. The hound attacks as you move away!
The hound barely misses you.
The ball python attacks as you move away!
The ball python bites you but does no damage.
The hound bites you but does no damage. You block the hound's attack.
There is a stone staircase leading up here.
The hound bites you but does no damage.
The ball python is attracted toward you.
You climb upwards.
There is a stone staircase leading down here.
The hound attacks as you move away! The hound bites you.
You die...

##############
#####..........(.#
......##########.#
####### #.# ###
#.# ..## #h# #..#
#@# ##.# #.# #.#
#.# #.# #.# ##.#
##.# ...# #..#
#.## #.## #.####
#.# .....#
#######.#


You could see a hound.

Vanquished Creatures
  A jelly (D:3)
  3 iron imps (D:3)
  2 adders
  3 dart slugs
  3 orcs (D:3)
  5 ball pythons
  6 endoplasms
  3 giant cockroaches
  8 goblins
  7 hobgoblins
  9 kobolds
  5 quokkas
  6 bats
  3 frilled lizards
  8 rats
  2 bushes (D:2)
74 creatures vanquished.

Vanquished Creatures (others)
  A plant (D:2)
1 creature vanquished.

Grand Total: 75 creatures vanquished

Notes
Turn   | Place    | Note
-------+----------+-------------------------------------------
     0 | D:1      | Peloso the Minotaur Fighter began the quest for the Orb.
     0 | D:1      | Reached XP level 1. HP: 19/19 MP: 0/0
   124 | D:1      | Reached XP level 2. HP: 27/27 MP: 1/1
   137 | D:1      | Found Agiys's Assorted Antiques.
   571 | D:1      | Found a faded altar of an unknown god.
   891 | D:1      | Reached XP level 3. HP: 28/33 MP: 2/2
  1201 | D:2      | Identified the +1 ring mail of Mirth {Int+3}
  2453 | D:1      | Bought a brown potion for 18 gold pieces
  2453 | D:1      | Bought a scroll labelled BUHYDWUCORU for 20 gold pieces
  2453 | D:1      | Bought a scroll labelled QAUGEA OLES for 20 gold pieces
  2647 | D:3      | Reached XP level 4. HP: 34/40 MP: 3/3
  2905 | D:3      | Found an iron altar of Okawaru.
  2931 | D:3      | Became a worshipper of Warmaster Okawaru
  3066 | D:3      | Found a stormy altar of Qazlal.
  3082 | D:3      | Found a shimmering blue altar of Sif Muna.
  3423 | D:3      | Found a burning altar of Makhleb.
  3440 | D:3      | Reached XP level 5. HP: 35/46 MP: 4/4
  3977 | D:4      | Gained mutation: You are agile. (Dex +4, Str/Int -1)
                  | [potion of mutation]
  3977 | D:4      | Gained mutation: You are frail. (-10% HP) [potion of
                  | mutation]
  4033 | D:3      | HP: 1/42 [hound (2)]
  4044 | D:2      | Slain by a hound

Illustrated notes

Levels and vault maps discovered:
D:1:      eino_arrival_tree_alley, layout_basic,
          shapermc_ecumenical_altar_notcrosses, serial_shops, shop,
          serial_curves, eino_curves_03, eino_curves_02
D:2:      wad_river_or_something, layout_loops_ring, serial_forest,
          infiniplex_forest_lined_room_2, infiniplex_forest_clump_small,
          infiniplex_forest_lined_2, infiniplex_forest_lined_2,
          infiniplex_forest_lined_4_way, infiniplex_forest_lined_2,
          serial_park_tiny_1
D:3:      layout_rooms, okawaru_altar_gauntlet_db, demons_altar,
          mainiacjoe_overflow_cross_hatched,
          mainiacjoe_overflow_surrounded_room, serial_co_window_serial,
          co_window_corner_a, co_window_paths_a, co_window_cross_1,
          co_window_paths_b, co_window_corner_a, co_window_broadway_a,
          co_window_unsneaky_path_b, co_window_of_opportunity_b,
          co_window_paths_d, co_window_4corner_b, glass_columns_c,
          glass_columns_c, glass_columns_a, grunt_ministairs_11,
          chequers_decorated_corner
D:4:      layout_cave_pools, minitemple, serial_shops,
          nicolae_shop_advertising_works [nicolae_subvault_shop_adworks]

Skill      XL: |  1  2  3  4 |
---------------+-------------+-----
Shields        | 4 |  4.9
Armour         | 4 |  4.9
Fighting       | 4 |  4.3
Long Blades    | 3 4 |  4.6
Dodging        | |  0.6
Stealth        | |  0.1

Action                   |  1- 3 |  4- 6 || total
-------------------------+-------+-------++-------
Melee: Long sword        |   254 |    54 ||   308
       Headbutt          |    59 |     9 ||    68
  Use: Scroll            |     4 |     1 ||     5
       Potion            |       |     4 ||     4
Armor: Scale mail        |    39 |       ||    39
       Chain mail        |    36 |    51 ||    87
Dodge: Dodged            |    52 |    28 ||    80
Block: Buckler           |    34 |    25 ||    59
